 Dungeon Crawl Stone Soup version 0.30-a0-311-gf115ab0292 (webtiles) character file.

Game seed: 17425007381381112642

64948 ytrimaz the Martial Artist (level 15, -26/162 HPs)
             Began as an Octopode Transmuter on Oct 25, 2022.
             Was a Priest of Ashenzari.
             Killed from afar by Nikola (63 damage)
             ... with an arc of chain lightning
             ... on level 1 of the Spider Nest.
             The game lasted 00:29:50 (23318 turns).

ytrimaz the Martial Artist (Octopode Transmuter)   Turns: 23318, Time: 00:29:50

Health: -26/162    AC: 35    Str: 16    XL:     15   Next: 14%
Magic:  5/37       EV:  2    Int: 33    God:    Ashenzari [***...]
Gold:   1845       SH:  0    Dex: 14    Spells: 13/32 levels left

rFire   + . .      SeeInvis +      - Unarmed
rCold   + . .      Faith    .    (no shield)
rNeg    + + .      Spirit   .    (helmet currently unavailable)
rPois   +          Reflect  .    G - amulet of Desmomancy {Regen+, Alch, Melee} (curse)
rElec   +          Harm     .    j - ring of see invisible
rCorr   +          Rampage  .    l - ring "Distant Lifelessness" {rN+, Elem, Range} (curse)
Will    +....      Clarity  +    p - ring of Ashenzari's Scepticism {Int+6, Bglg, Evo} (curse)
Stlth   ++........ NoTele   +    q - +6 ring of strength
HPRegen 1.27/turn                r - +4 ring of protection
MPRegen 0.25/turn                u - +4 ring of protection
                                 A - ring of Ashenzari's Suspicion {Int+6, Bglg, Alch} (curse)
                                 E - ring of Supernal Wisdom {Drain rPois rN+ MP+9, Melee, Elem} (curse)

@: tree-form, resistant, radiating poison
A: stationary, stasis, torment immunity, boosted hp, almost no armour,
(amphibious), 8 rings, (camouflage 1), (gelatinous body 1), (nimble swimmer 1),
(tentacles), wild magic 1
a: Renounce Religion, Curse Item, Shatter the Chains


You were on level 1 of the Spider Nest.
You worshipped Ashenzari.
Ashenzari was most pleased with you.
You were a tree.
You visited 5 branches of the dungeon, and saw 23 of its levels.
You also visited: Sewer.

You collected 2125 gold pieces.
You spent 280 gold pieces at shops.


Innate Abilities, Weirdness & Mutations

You are a tree.
Your roots penetrate the ground, keeping you stationary.
You cannot be teleported.
You are immune to unholy pain and torment.
Your maximum health is greatly increased.
You cannot wear most types of armour.
((You are amphibious.))
You can wear up to eight rings at the same time.
((Your skin changes colour to match your surroundings (Stealth+).))
((Your rubbery body absorbs attacks. (AC +1, EV +1)))
((You are camouflaged when in or above water. (Stealth+)))
((You have tentacles for arms and can constrict up to eight enemies at once.))
Your spells are a little harder to cast, but a little more powerful.


   Skills:
 + Level 11.8 Fighting
 + Level 12.0 Dodging
 + Level 1.7 Stealth
 - Level 13.6(16.0) Unarmed Combat
 - Level 9.3 Spellcasting
 - Level 12.0(14.3) Transmutations
 - Level 4.0(6.2) Ice Magic
 - Level 4.0(6.2) Poison Magic


You had 13 spell levels left.
You knew the following spells:

 Your Spells              Type           Power      Damage    Failure   Level
a - Beastly Appendage     Tmut           100%       N/A       1%          1
b - Wereblood             Tmut           97%        N/A       1%          2
c - Spider Form           Tmut/Pois      83%        N/A       1%          3
d - Ice Form              Ice/Tmut       83%        N/A       1%          4
e - Irradiate             Conj/Tmut      35%        3d23      7%          5
f - Olgreb's Toxic Radia  Pois           65%        N/A       4%          4

Your spell library contained the following spells:

 Spells                   Type           Power      Damage    Failure   Level
 Sting                    Tmut/Pois      100%       1d8       1%          1
 Poisonous Vapours        Pois/Air       96%        N/A       2%          2
 Alistair's Intoxication  Tmut/Pois      55%        N/A       2%          5
 Cigotuvi's Dreadful Rot  Necr/Pois/Air  76%        N/A       3%          2
 Petrify                  Tmut/Erth      70%        N/A       3%          4
 Apportation              Tloc           44%        N/A       4%          1
 Foxfire                  Conj/Fire      88%        2x1d8     4%          1
 Hailstorm                Conj/Ice       48%        3d11      4%          3
 Blink                    Tloc           44%        N/A       7%          2
 Momentum Strike          Conj/Tloc      44%        3d9       7%          2
 Sublimation of Blood     Necr           20%        N/A       8%          2
 Kindle Blastsparks       Fire/Tloc/Air  44%        2d13      13%         3
 Lesser Beckoning         Tloc           44%        N/A       13%         3
 Stone Arrow              Conj/Erth      44%        3d9       13%         3
 Fulminant Prism          Conj/Hex       11%        3d9       34%         4
 Iskenderun's Mystic Bla  Conj/Tloc      22%        2d6       34%         4
 Anguish                  Hex/Necr       10%        N/A       36%         4
 Animate Dead             Necr           20%        N/A       38%         4
 Dispel Undead            Necr           20%        3d11      38%         4
 Fireball                 Conj/Fire      11%        3d7       67%         5
 Lee's Rapid Deconstruct  Erth           11%        3d8*      67%         5
 Borgnjor's Vile Clutch   Necr/Erth      10%        N/A       69%         5
 Simulacrum               Ice/Necr       23%        N/A       85%         6
 Death Channel            Necr           10%        N/A       99%         6
 Starburst                Conj/Fire      11%        6d5       99%         6
 Enfeeble                 Hex            11%        N/A       100%        7
 Lehudib's Crystal Spear  Conj/Erth      11%        10d4      100%        8
 Animate Armour           Summ/Erth      Unusable   N/A       N/A         4

Inventory:

Armour
 a - the cursed +3 hat of Pondering (melded) {ponderous, Will+ MP+10 Int+5, Self, Comp}
   (You took it off Gastronok on level 8 of the Dungeon)

   Int:       It affects your intelligence (+5).
   MP:        It affects your magic capacity (+10).
   Will:      It increases your willpower.
   It has a curse which improves the following skills: Introspection: Fighting
   and Spellcasting.
   Companions: Summonings and Necromancy.
Jewellery
 j - a ring of see invisible (left branch)
   (You found it on level 3 of the Dungeon)
 l - the cursed ring "Distant Lifelessness" (right branch) {rN+, Elem, Range}
   (You found it on level 3 of the Dungeon)

   [ring of positive energy]

   rN:        It protects you from negative energy.
   It has a curse which improves the following skills: Elements: Fire Magic, Ice
   Magic, Air Magic and Earth Magic.
   Ranged Combat: Ranged Weapons and Throwing.
 n - a ring of ice
   (You found it on level 4 of the Dungeon)
 p - the cursed ring of Ashenzari's Scepticism (on tentacle) {Int+6, Bglg, Evo}
   (You found it on level 4 of the Dungeon)

   [ring of intelligence]

   Int:       It affects your intelligence (+6).
   It has a curse which improves the following skills: Beguiling: Conjurations,
   Hexes and Translocations.
   Evocations: Evocations.
 q - a +6 ring of strength (on tentacle)
   (You found it on level 4 of the Dungeon)
 r - a +4 ring of protection (on tentacle)
   (You found it on level 4 of the Dungeon)
 u - a +4 ring of protection (on tentacle)
   (You found it on level 7 of the Dungeon)
 A - the cursed ring of Ashenzari's Suspicion (on tentacle) {Int+6, Bglg, Alch}
   (You found it on level 7 of the Dungeon)

   [ring of intelligence]

   Int:       It affects your intelligence (+6).
   It has a curse which improves the following skills: Beguiling: Conjurations,
   Hexes and Translocations.
   Alchemy:   Poison Magic and Transmutations.
 C - a ring of ice
   (You found it on level 9 of the Dungeon)
 E - the cursed ring of Supernal Wisdom (on tentacle) {Drain rPois rN+ MP+9, Melee, Elem}
   (You found it on level 9 of the Dungeon)

   [ring of positive energy]

   rPois:     It protects you from poison.
   rN:        It protects you from negative energy.
   MP:        It affects your magic capacity (+9).
   Drain:     It drains your maximum health when unequipped.
   It has a curse which improves the following skills: Melee Combat: Short
   Blades, Long Blades, Axes, Maces & Flails, Polearms, Staves and Unarmed
   Combat.
   Elements:  Fire Magic, Ice Magic, Air Magic and Earth Magic.
 G - the cursed amulet of Desmomancy (around neck) {Regen+, Alch, Melee}
   (You found it on level 10 of the Dungeon)

   [amulet of regeneration]

   Regen:     It increases your rate of health regeneration.
   It has a curse which improves the following skills: Alchemy: Poison Magic and
   Transmutations.
   Melee Combat: Short Blades, Long Blades, Axes, Maces & Flails, Polearms,
   Staves and Unarmed Combat.
 H - a ring of fire
   (You found it on level 10 of the Dungeon)
Wands
 k - a wand of roots (3)
   (You found it on level 2 of the Lair of Beasts)
 s - a wand of paralysis (24)
   (You found it on level 4 of the Dungeon)
 t - a wand of acid (10)
   (You found it on level 5 of the Dungeon)
 J - a wand of polymorph (16)
   (You found it on level 12 of the Dungeon)
 N - a wand of flame (10)
   (You found it on level 14 of the Dungeon)
 O - a wand of mindburst (7)
   (You found it on level 14 of the Dungeon)
Scrolls
 h - 2 scrolls of noise
 o - 6 scrolls of vulnerability
 v - a scroll of torment
 x - 3 scrolls of enchant weapon
 y - 7 scrolls of teleportation
 B - 5 scrolls of enchant armour
 I - a scroll of amnesia
 L - a scroll of blinking
 M - 2 scrolls of brand weapon
 P - 2 scrolls of magic mapping
Potions
 b - 11 potions of curing
 c - 2 potions of brilliance
 d - 3 potions of attraction
 f - a potion of might
 g - 2 potions of flight
 i - 3 potions of heal wounds
 m - a potion of mutation
 w - 2 potions of haste
 z - 2 potions of lignification
 D - a potion of ambrosia
 F - a potion of cancellation
 K - a potion of magic

Dungeon Overview and Level Annotations

Branches:
Dungeon (15/15) Zot: 26675  Temple (1/1) D:5 Zot: 5869    Lair (4/5) D:9 Zot: 18863
 Shoals (0/4) Lair:2       Spider (1/4) Lair:3 Zot: 5971   Slime (0/5) Lair:4
    Orc (2/2) D:9 Zot: 9661     Elf (0/3) Orc:2        Vaults (0/5) D:13
  Sewer (visited)
 Depths: D:15

Altars:
Ashenzari
Cheibriados
Dithmenos
Elyvilon
Fedhas
Gozag
Hepliaklqana
Kikubaaqudgha
Makhleb
Nemelex Xobeh
Okawaru
Qazlal
Ru
Sif Muna
Trog
Uskayaw
Vehumet
Wu Jian
Xom
Yredelemnul
Zin
The Shining One
Jiyva

Shops:
D:2 ?   D:6 (   D:10 :   D:11 (   D:14 *   Orc:2 ([:*

Portals:
Trove: D:13 (give 6 scrolls of fear)

Annotations:
Spider:1 Nikola

, * ,,###....*
, , , ,
##.....# *
##......# *
..,*#.......#^
* *
...,#......#*
, *
....##....# {
, *
^.........#{
,,,, ,
#.......@## ,,
* ,
#.......|♣.#
,,
##........##{{
, ,##........#
* *
#......#.##,
,, ,
#.......### *
,, * ,
......... , *
^ ,.........,
, , ..#..$., ,
* , , , , * ,


You could see Nikola (extremely poisoned).


Message History

Your toxic aura wanes.
Nikola gestures wildly while chanting.
Nikola blinks! 😕 HP[+27] MP[-10]
You now have 162 max hp (+33).
You regained 27 hp, and now have 131/162 hp.
You lost 10 mp, and now have 10/37 mp.
Unknown command.
Unknown command.
Casting: Olgreb's Toxic Radiance (mildly dangerous; 4% risk of failure)
Confirm with . or Enter, or press ? or * to list all spells.
You don't know that spell.
Unknown command.
Casting: Olgreb's Toxic Radiance (mildly dangerous; 4% risk of failure)
Confirm with . or Enter, or press ? or * to list all spells.
Okay, then.
Casting: Olgreb's Toxic Radiance (mildly dangerous; 4% risk of failure)
Confirm with . or Enter, or press ? or * to list all spells.
You begin to radiate toxic energy.
Nikola mumbles some strange words.
Lightning arcs from Nikola's hands!
The bolt of lightning hits Jorgrun!!!
The bolt of lightning hits you!!!
Jorgrun says, "'tis place shall be yer tomb!"
Jorgrun points at you and mumbles some strange words.
Roots burst forth from the earth!
The grasping roots grab you! The grasping roots constrict you.
You hear a faint skittering sound. x3
Unknown command. 😮 HP[-44] MP[-4]
You take 44 damage, and now have 87/162 hp.
MASSIVE DAMAGE!! (PAUSE)
You lost 4 mp, and now have 6/37 mp.
Unknown command.
Casting: Olgreb's Toxic Radiance (mildly dangerous; 4% risk of failure)
Confirm with . or Enter, or press ? or * to list all spells.
Your toxic radiance grows in intensity.
Jorgrun looks as sick as possible!
Nikola looks as sick as possible! x2
You hear a faint skittering sound.
The grasping roots constrict you!
* * * LOW HITPOINT WARNING * * *
Unknown command. 😨 HP[-11] MP[-3]
You take 11 damage, and now have 76/162 hp.
You lost 3 mp, and now have 3/37 mp.
Unknown command.
You pummel Jorgrun!!
You kill Jorgrun!
Your Stealth skill increases to level 1! 😨 HP[+1] Unknown command.
Nikola casts a spell.
Lightning arcs from Nikola's hands!
The bolt of lightning hits you!!!
* * * LOW HITPOINT WARNING * * *
A bolt of lightning appears from out of thin air!
The bolt of lightning hits Nikola.
You hear a faint skittering sound. x3; You hear a shout!
You hear a faint skittering sound.
You hear a skittering sound.
You hear a faint skittering sound. x2 😱 HP[-47]
You take 47 damage, and now have 30/162 hp.
MASSIVE DAMAGE!! (PAUSE)
Casting: Olgreb's Toxic Radiance (mildly dangerous; 4% risk of failure)
Confirm with . or Enter, or press ? or * to list all spells.
You don't have enough magic to cast this spell.
You feel much better.
Nikola looks as sick as possible!
You hear a faint skittering sound.
Nikola casts a spell.
Lightning arcs from Nikola's hands!
The bolt of lightning hits you!
* * * LOW HITPOINT WARNING * * *
A bolt of lightning appears from out of thin air!
The bolt of lightning hits Nikola.
You hear a skittering sound. 😨 HP[+13]
You regained 13 hp, and now have 43/162 hp.
You feel protected. 😨 HP[+2] MP[+1]
You regained 2 hp, and now have 45/162 hp.
Unknown command.
Unknown command.
You hit Nikola. You punch Nikola! 😨 HP[+1]
You pummel Nikola!! Nikola hits you but does no damage.
Your magical contamination has completely faded away. 😨 HP[+1] Unknown command.
You pummel Nikola!!
Nikola points at you and mumbles some strange words.
The bolt of lightning hits you! You resist.
* * * LOW HITPOINT WARNING * * *
😱 HP[-12]
You take 12 damage, and now have 35/162 hp.
You barely miss Nikola.
Nikola looks as sick as possible! 😱 HP[+1] Unknown command.
You hit Nikola but do no damage.
Nikola casts a spell.
Lightning arcs from Nikola's hands!
The bolt of lightning hits you!!! You resist.
You die...

Skill      XL: |  1  2  3  4  5  6  7  8  9 10 11 12 13 14 15 |
---------------+----------------------------------------------+-----
Poison Magic   | 1 2 3 4 |  4.0
Ice Magic      | 1 3 4 |  4.0
Transmutations | 6 7 10 12 | 12.0
Dodging        | 3 6 8 10 12 | 12.0
Spellcasting   | 3 5 7 9 |  9.3
Unarmed Combat | 6 8 10 12 13 | 13.6
Fighting       | 4 11 | 11.8
Stealth        | 1 |  1.7

Action                   |  1- 3 |  4- 6 |  7- 9 | 10-12 | 13-15 || total
-------------------------+-------+-------+-------+-------+-------++-------
Melee: Unarmed           |   109 |    81 |   242 |   469 |   432 ||  1333
       Constrict         |    26 |     8 |     2 |       |     1 ||    37
       Tentacles         |    20 |    10 |     3 |       |     1 ||    34
       Punch             |       |     1 |       |       |     1 ||     2
 Cast: Spider Form       |     2 |     4 |     6 |     3 |       ||    15
       Wereblood         |       |     1 |     4 |     8 |     9 ||    22
       Ice Form          |       |       |    18 |    43 |    56 ||   117
       Beastly Appendage |       |       |     1 |       |       ||     1
       Irradiate         |       |       |       |    36 |    62 ||    98
       Olgreb's Toxic Ra |       |       |       |       |     5 ||     5
Invok: Curse Item        |       |       |     1 |     4 |     1 ||     6
  Use: Scroll            |     2 |     3 |     4 |       |       ||     9
       Potion            |     1 |     2 |     2 |     4 |    10 ||    19
 Stab: Sleeping          |     1 |     4 |       |     1 |       ||     6
Armor: Skin              |    23 |    20 |   141 |   272 |   287 ||   743
Dodge: Dodged            |    68 |    48 |   157 |   354 |   383 ||  1010

Levels and vault maps discovered:
D:1:      dpeg_arrival_tiny_f, layout_rooms, minmay_misc_feat_nine_boxes
D:2:      layout_basic, serial_shops, shop, basic_altar, serial_rivers,
          chequers_serial_rivers_large_a, chequers_serial_rivers_large_b,
          chequers_serial_rivers_small_3, chequers_serial_rivers_small_a,
          chequers_serial_rivers_micro_e, lexackson_kobold_supper
D:3:      layout_basic
D:4:      layout_gridville, grunt_decor_mini_mirrors,
          nicolae_concentric_dashed_squares_wild, corexii_shack, st_stairs_4,
          uniq_menkaure
D:5:      layout_loops_cross, minmay_temple_entry_sparse_star, st_stairs_5,
          nicolae_figureground_pulse, uniq_pikel
D:6:      layout_loops_ring, gup_sewer_entry_glass, serial_shops,
          kennysheep_little_box, uniq_blork_the_orc
D:7:      kennysheep_seaside_town, layout_layer_cave
D:8:      layout_loops_ring, nicolae_uskayaw_murder_on_the_dancefloor,
          uniq_gastronok, uniq_maggie
D:9:      layout_layer_cave, nicolae_overflow_hallway_of_the_gods,
          david_lair_generic, hiddenorc1_lemuel, chequers_decorated_corner
D:10:     layout_basic, nicolae_shop_self_help
D:11:     lemuel_reptile_caves, layout_rooms, special_room [special_room_orc],
          nicolae_take_the_stairs
D:12:     layout_basic, grunt_decor_one_mirror
D:13:     layout_loops_ring, david_vaults_1, nicolae_trove_entry_crystal,
          feat_on_display
D:14:     layout_rooms, serial_park_square2, serial_shops, kennysheep_mini,
          nicolae_figureground_sparkle
D:15:     hangedman_depths_entry_civil_slaughter, layout_cave_pools,
          special_room [special_room_orc], nrook_campfire,
          minmay_guarded_unrand_staff_of_olgreb
Temple:   compressed_dpeg_circular_temple
Lair:1:   layout_cave_pods
Lair:2:   layout_loops_ring, shoals_dummy_entry, chequers_serial_rivers_room_a,
          serial_bayou_shore_b, grunt_megastairs_4
Lair:3:   nzn_winding_woodlands_medium [nzn_winding_woodlands_5x5_perimeter,
          nzn_winding_woodlands_5x15_sawtooth,
          nzn_winding_woodlands_5x5_default,
          nzn_winding_woodlands_5x5_open_star,
          nzn_winding_woodlands_center_diamonds,
          nzn_winding_woodlands_hourglass,
          nzn_winding_woodlands_5x5_checkerboard,
          nzn_winding_woodlands_5x15_parted, nzn_winding_woodlands_5x5_three],
          layout_long_grid, spider_nest_entry_webs, uniq_urug, uniq_sonja,
          uniq_rupert
Lair:4:   layout_layer_cave, dpeg_slime_entry_enclosed, serial_bayou_shore_b
Spider:1: layout_spider_delve, gammafunk_ghost_necromancy, uniq_mlioglotl,
          uniq_jorgrun, uniq_nikola
Orc:1:    nicolae_orc_accident_2, layout_caves
Orc:2:    grunt_orc_gardens, layout_caves, grunt_orc_garden, grunt_orc_garden,
          grunt_orc_garden, grunt_orc_garden

Notes
Turn   | Place    | Note
-------+----------+-------------------------------------------
     0 | D:1      | ytrimaz the Octopode Transmuter began the quest for the
                  | Orb.
     0 | D:1      | Reached XP level 1. HP: 13/13 MP: 3/3
     0 | D:1      | magus.rc [v1.9.6]
    21 | D:1      | Reached skill level 1 in Poison Magic
    39 | D:1      | Reached XP level 2. HP: 11/18 MP: 5/5
   213 | D:1      | Reached skill level 1 in Ice Magic
   248 | D:1      | Reached skill level 2 in Poison Magic
   449 | D:1      | Learned a level 2 spell: Wereblood
   635 | D:1      | Reached XP level 3. HP: 22/23 MP: 6/6
   641 | D:1      | Learned a level 3 spell: Spider Form
   740 | D:2      | Reached skill level 3 in Poison Magic
  1012 | D:2      | Found a shimmering altar of Xom.
  1481 | D:2      | Found Payjie Tibbo's Magic Scroll Emporium.
  1567 | D:2      | Reached XP level 4. HP: 24/26 MP: 7/7
  2108 | D:3      | You pick up a book of Party Tricks and begin reading...
  2108 | D:3      | You add the spells Apportation and Alistair's Intoxication
                  | to your library.
  2198 | D:4      | Reached skill level 4 in Poison Magic
  2264 | D:4      | You pick up a book of Decay and begin reading...
  2264 | D:4      | You add the spells Cigotuvi's Dreadful Rot, Dispel Undead
                  | and Death Channel to your library.
  2409 | D:4      | Noticed Menkaure
  2424 | D:4      | Killed Menkaure
  2425 | D:4      | Reached skill level 3 in Ice Magic
  2425 | D:4      | Reached XP level 5. HP: 33/33 MP: 8/8
  2550 | D:4      | You pick up a book of Alchemy and begin reading...
  2550 | D:4      | You add the spells Sublimation of Blood, Petrify and
                  | Irradiate to your library.
  2735 | D:4      | Reached skill level 4 in Ice Magic
  2740 | D:4      | Reached XP level 6. HP: 25/38 MP: 3/9
  2992 | D:4      | Reached skill level 3 in Transmutations
  3215 | D:5      | Entered Level 5 of the Dungeon
  3215 | D:5      | Noticed Pikel
  3260 | D:5      | Killed Pikel
  3261 | D:5      | Reached skill level 6 in Transmutations
  3261 | D:5      | Reached XP level 7. HP: 30/43 MP: 7/10
  3437 | D:5      | Found a staircase to the Ecumenical Temple.
  3474 | Temple   | Entered the Ecumenical Temple
  3568 | Temple   | Became a worshipper of Ashenzari the Shackled
  3807 | D:5      | Learned a level 4 spell: Ice Form
  3885 | D:5      | Reached skill level 7 in Transmutations
  3885 | D:5      | Reached XP level 8. HP: 48/48 MP: 7/11
  4332 | D:6      | HP: 17/72 [poisoned by a gnoll]
  4337 | D:6      | HP: 13/72 [poisoned by a gnoll]
  4341 | D:6      | Reached skill level 8 in Transmutations
  4522 | D:6      | Reached skill level 9 in Transmutations
  4557 | D:6      | Reached skill level 10 in Transmutations
  4557 | D:6      | Reached XP level 9. HP: 28/53 MP: 5/12
  4615 | D:6      | Found a glowing drain.
  4648 | Sewer    | Entered a sewer
  4897 | D:6      | Noticed Blork the orc
  4907 | D:6      | Killed Blork the orc
  5419 | D:6      | Found Ryenwis's Antique Weapon Boutique.
  5575 | D:7      | Reached skill level 11 in Transmutations
  6005 | D:7      | Reached skill level 12 in Transmutations
  6647 | D:7      | Reached skill level 3 in Dodging
  6740 | D:7      | Reached skill level 3 in Spellcasting
  6740 | D:7      | Reached XP level 10. HP: 58/58 MP: 9/14
  6849 | D:7      | Reached * piety under Ashenzari
  7084 | D:7      | Reached skill level 4 in Unarmed Combat
  7442 | D:8      | Reached skill level 4 in Dodging
  7532 | D:8      | Found a hide-covered altar of Uskayaw.
  7562 | D:8      | Noticed Gastronok
  7562 | D:8      | Gastronok the Ponderous comes into view. He is wearing the
                  | +3 hat of Pondering {ponderous, Will+ MP+10 Int+5}.
  7595 | D:8      | Killed Gastronok
  7596 | D:8      | Reached skill level 5 in Dodging
  7596 | D:8      | Reached skill level 5 in Unarmed Combat
  7596 | D:8      | Reached skill level 4 in Spellcasting
  8088 | D:8      | Noticed Maggie
  8104 | D:8      | HP: 5/58 [Maggie/bolt of fire (19)]
  8107 | D:8      | Killed Maggie
  8108 | D:8      | Reached skill level 5 in Spellcasting
  8341 | D:9      | Learned a level 5 spell: Irradiate
  8438 | D:9      | Reached skill level 6 in Unarmed Combat
  8454 | D:9      | Reached skill level 6 in Dodging
  8454 | D:9      | Reached XP level 11. HP: 52/63 MP: 6/19
  8786 | D:9      | Reached ** piety under Ashenzari
  8793 | D:9      | Noticed a sun demon
  8936 | D:9      | Found a staircase to the Lair.
  8957 | D:9      | Reached skill level 6 in Spellcasting
  9074 | D:9      | Reached skill level 7 in Unarmed Combat
  9094 | D:9      | Found a staircase to the Orcish Mines.
  9216 | D:9      | Identified the ring "Huaniaff" {Drain rPois rN+ MP+9}
  9418 | D:9      | Found a basalt altar of Yredelemnul.
  9424 | D:9      | Found a sacrificial altar of Ru.
  9425 | D:9      | Found an iron altar of Okawaru.
  9428 | D:9      | Found a glowing golden altar of the Shining One.
  9428 | D:9      | Found a shimmering altar of Xom.
  9429 | D:9      | Found a shadowy altar of Dithmenos.
  9435 | D:9      | Found a stormy altar of Qazlal.
 10084 | D:10     | Entered Level 10 of the Dungeon
 10260 | D:10     | Noticed a two-headed ogre
 10264 | D:10     | Killed a two-headed ogre
 10265 | D:10     | Reached skill level 7 in Dodging
 10676 | D:10     | Found Ipsusaut's Self-Improvement Boutique.
 11229 | D:11     | Noticed a cyclops
 11265 | D:11     | Killed a cyclops
 11307 | D:11     | Found Amesayff's Weapon Boutique.
 11422 | D:11     | Reached skill level 8 in Unarmed Combat
 11422 | D:11     | Reached skill level 7 in Spellcasting
 11583 | D:11     | You pick up a book of Armaments and begin reading...
 11583 | D:11     | You add the spells Stone Arrow and Lehudib's Crystal Spear
                  | to your library.
 11585 | D:11     | Noticed a centaur warrior
 11598 | D:11     | Killed a centaur warrior
 11599 | D:11     | Reached skill level 8 in Dodging
 11716 | D:11     | Noticed an orc knight
 11729 | D:11     | Killed an orc knight
 11737 | D:11     | Reached XP level 12. HP: 57/68 MP: 18/23
 12109 | D:11     | Reached skill level 9 in Unarmed Combat
 12163 | D:11     | Reached skill level 8 in Spellcasting
 12268 | D:11     | You pick up a book of Maledictions and begin reading...
 12268 | D:11     | You add the spells Anguish and Enfeeble to your library.
 12705 | D:12     | Reached skill level 9 in Dodging
 13086 | D:12     | Identified the +2 robe of the Nightingale {Dex+3}
 13528 | D:13     | Found a portal to a secret trove of treasure.
 13537 | D:13     | This trove needs 6 scrolls of fear to function. Give it the
                  | items?
 13615 | D:13     | Identified the +7 rapier "Bistiv" {elec, Dex+3}
 13759 | D:13     | You pick up a book of Spatial Translocations and begin
                  | reading...
 13759 | D:13     | You add the spells Blink, Momentum Strike and Lesser
                  | Beckoning to your library.
 13808 | D:13     | Noticed a two-headed ogre
 13812 | D:13     | Killed a two-headed ogre
 13902 | D:13     | Reached skill level 10 in Unarmed Combat
 14005 | D:13     | Noticed a two-headed ogre
 14010 | D:13     | Killed a two-headed ogre
 14011 | D:13     | Reached skill level 9 in Spellcasting
 14017 | D:13     | Found a gate to the Vaults.
 14045 | D:13     | Noticed a centaur warrior
 14055 | D:13     | Killed a centaur warrior
 14056 | D:13     | Reached skill level 10 in Dodging
 14331 | D:13     | Noticed a boulder beetle
 14336 | D:13     | Killed a boulder beetle
 14337 | D:13     | Reached XP level 13. HP: 68/74 MP: 25/27
 14876 | D:14     | Reached skill level 11 in Unarmed Combat
 15085 | D:14     | Reached *** piety under Ashenzari
 15087 | D:14     | Found Katzomnekly's Assorted Antiques.
 15120 | D:14     | Reached skill level 11 in Dodging
 15489 | D:14     | You pick up a book of Blasting and begin reading...
 15489 | D:14     | You add the spells Kindle Blastsparks, Fulminant Prism,
                  | Iskenderun's Mystic Blast and Lee's Rapid Deconstruction to
                  | your library.
 15647 | D:15     | Entered Level 15 of the Dungeon
 15647 | D:15     | Noticed an entropy weaver
 15657 | D:14     | Killed an entropy weaver
 15724 | D:15     | Noticed a fire dragon
 15900 | Lair:1   | Entered Level 1 of the Lair of Beasts
 16301 | Lair:1   | Reached skill level 2 in Fighting
 16799 | Lair:2   | Reached skill level 12 in Unarmed Combat
 17012 | Lair:2   | Reached skill level 3 in Fighting
 17186 | Lair:2   | You pick up a book of Fire and begin reading...
 17186 | Lair:2   | You add the spells Foxfire, Fireball and Starburst to your
                  | library.
 17252 | Lair:2   | Reached skill level 12 in Dodging
 17381 | Lair:2   | Identified the +5 hand axe "Jiorenkuk" {freeze, +Blink
                  | Str+2 Dex+2}
 17438 | Lair:2   | Found a staircase to the Shoals.
 17848 | Lair:3   | Reached skill level 4 in Fighting
 17938 | Lair:3   | Noticed Rupert
 17947 | Lair:3   | Killed Rupert
 17985 | Lair:3   | You pick up a book of Unlife and begin reading...
 17985 | Lair:3   | You add the spells Animate Dead and Borgnjor's Vile Clutch
                  | to your library.
 18046 | Lair:3   | Noticed Urug
 18053 | Lair:3   | Killed Urug
 18054 | Lair:3   | Reached XP level 14. HP: 86/86 MP: 27/27
 18120 | Lair:3   | Reached skill level 5 in Fighting
 18180 | Lair:3   | Noticed Sonja
 18189 | Lair:3   | Killed Sonja
 18339 | Lair:3   | You pick up a book of the Tundra and begin reading...
 18339 | Lair:3   | You add the spells Hailstorm and Simulacrum to your
                  | library.
 18368 | Lair:3   | Found a hole to the Spider Nest.
 18768 | Lair:3   | Reached skill level 13 in Unarmed Combat
 18770 | Lair:3   | Reached skill level 6 in Fighting
 20111 | Lair:4   | Found a viscous altar of Jiyva.
 20111 | Lair:4   | Found a staircase to the Slime Pits.
 20235 | Lair:4   | Reached skill level 7 in Fighting
 20876 | Orc:1    | Entered Level 1 of the Orcish Mines
 21002 | Orc:1    | Gained mutation: You sometimes lose your temper in combat.
                  | [mutagenic glow]
 21335 | Orc:1    | Reached skill level 8 in Fighting
 21511 | Orc:1    | Noticed an orc warlord
 21521 | Orc:1    | Killed an orc warlord
 21918 | Orc:1    | Lost mutation: You sometimes lose your temper in combat.
                  | [potion of mutation]
 21918 | Orc:1    | Gained mutation: Potions are less effective at restoring
                  | your health. [potion of mutation]
 21918 | Orc:1    | Gained mutation: Your magical capacity is low. (-10% MP)
                  | [potion of mutation]
 21918 | Orc:1    | Gained mutation: You sometimes lose your temper in combat.
                  | [potion of mutation]
 21919 | Orc:1    | Lost mutation: You sometimes lose your temper in combat.
                  | [potion of mutation]
 21919 | Orc:1    | Lost mutation: Your magical capacity is low. (-10% MP)
                  | [potion of mutation]
 21919 | Orc:1    | Gained mutation: Your natural rate of healing is unusually
                  | fast. [potion of mutation]
 21919 | Orc:1    | Gained mutation: You occasionally lose the ability to drink
                  | potions when taking damage. [potion of mutation]
 21920 | Orc:1    | Lost mutation: Your natural rate of healing is unusually
                  | fast. [potion of mutation]
 21920 | Orc:1    | Lost mutation: Potions are less effective at restoring your
                  | health. [potion of mutation]
 21920 | Orc:1    | Lost mutation: You occasionally lose the ability to drink
                  | potions when taking damage. [potion of mutation]
 21920 | Orc:1    | Gained mutation: Your spells are a little harder to cast,
                  | but a little more powerful. [potion of mutation]
 21956 | Orc:2    | Entered Level 2 of the Orcish Mines
 21956 | Orc:2    | Found Fagim's Antique Weapon Emporium.
 21964 | Orc:2    | Reached skill level 9 in Fighting
 21966 | Orc:2    | Noticed an orc warlord
 22255 | Orc:2    | Reached skill level 10 in Fighting
 22339 | Orc:2    | Killed an orc warlord
 22341 | Orc:2    | Found Bum Osan's Antique Armour Emporium.
 22608 | Orc:2    | Noticed an orc warlord
 22617 | Orc:2    | Killed an orc warlord
 22618 | Orc:2    | Reached skill level 11 in Fighting
 22618 | Orc:2    | Reached XP level 15. HP: 74/106 MP: 22/28
 22749 | Orc:2    | Found a staircase to the Elven Halls.
 22758 | Orc:2    | Found Lefourph's Book Shop.
 22763 | Orc:2    | Identified a +2 robe of the Archmagi
 22766 | Orc:2    | Found Leamav's General Store.
 23141 | Orc:2    | Bought a Young Poisoner's Handbook for 280 gold pieces
 23141 | Orc:2    | You add the spells Sting, Poisonous Vapours and Olgreb's
                  | Toxic Radiance to your library.
 23146 | Orc:2    | Learned a level 4 spell: Olgreb's Toxic Radiance
 23286 | Spider:1 | Entered Level 1 of the Spider Nest
 23301 | Spider:1 | Noticed Jorgrun
 23301 | Spider:1 | Noticed Nikola
 23310 | Spider:1 | Killed Jorgrun
 23311 | Spider:1 | Reached skill level 1 in Stealth
 23311 | Spider:1 | HP: 30/162 [Nikola/arc of chain lightning (48)]
 23316 | Spider:1 | HP: 35/162 [Nikola/bolt of lightning (12)]
 23318 | Spider:1 | Killed from afar by Nikola

Vanquished Creatures
  Rupert (Lair:3)
  Jorgrun (Spider:1)
  Gastronok (D:8)
  3 orc warlords
  An entropy weaver (shapeshifter) (D:14)
  A catoblepas (Lair:3)
  4 hydras
  A death knight (D:14)
  4 centaur warriors
  4 two-headed ogres
  A boulder beetle (D:13)
  A death yak (Lair:3)
  5 orc high priests
  Urug (Lair:3)
  A tengu warrior (D:14)
  Sonja (Lair:3)
  8 orc knights
  Pikel (D:5)
  A deep elf zephyrmancer (D:13)
  An ugly thing (D:13)
  4 orc sorcerers
  A manticore (D:14)
  6 cyclopes
  5 cane toads
  5 black mambas
  2 torpor snails
  4 gargoyles
  Maggie (D:8)
  3 kobold demonologists
  5 rime drakes
  2 unseen horrors
  A freezing wraith (D:14)
  7 komodo dragons
  A tengu conjurer (D:14)
  6 trolls
  A polar bear (Lair:3)
  11 blink frogs
  11 slime creatures
  2 shadows
  2 culicivoras (Spider:1)
  6 wyverns
  A wraith (D:11)
  A vampire (D:12)
  19 yaks
  4 steam dragons
  2 basilisks
  2 redbacks
  4 vampire mosquitoes (D:11)
  5 wargs
  Menkaure (D:4)
  3 acid dragons
  13 water moccasins
  A sky beast (D:7)
  2 ice beasts
  3 black bears
  49 orc warriors
  16 centaurs
  18 ogres
  7 wolves
  Blork the orc (D:6)
  8 kobold brigands
  2 lemures (D:5)
  8 bullfrogs
  2 scorpions
  An electric eel (D:11)
  6 hounds
  17 orc priests
  4 gnoll boudas
  16 iguanas
  29 orc wizards
  7 hell rats (Lair:2)
  10 gnolls
  4 adders
  A shadow imp (D:5)
  2 ufetubi
  A worm (D:4)
  5 dart slugs
  92 orcs
  12 bats
  6 endoplasms
  5 giant cockroaches
  4 goblins
  7 hobgoblins
  3 quokkas (D:1)
  21 frilled lizards
  32 kobolds
  10 rats
595 creatures vanquished.

Vanquished Creatures (others)
  25 fungi
  20 plants
45 creatures vanquished.

Grand Total: 640 creatures vanquished

Table legend:
 A = Non-vault XP
 B = Vault XP
 C = Vault XP percentage of total XP
 D = Non-vault monster count
 E = Vault monster count
 F = Vault count percentage of total count
                 A         B        C        D         E       F
            +---------+---------+-------+---------+---------+-------
      Total |   60471 |   32312 |  34.8 |     406 |     187 |  31.5
            +---------+---------+-------+---------+---------+-------
        D:1 |      35 |       0 |   0.0 |      23 |       0 |   0.0
        D:2 |      43 |      11 |  20.4 |      17 |       8 |  32.0
        D:3 |       8 |       0 |   0.0 |       4 |       0 |   0.0
        D:4 |      69 |     199 |  74.3 |      10 |       4 |  28.6
        D:5 |     205 |     664 |  76.4 |       7 |       3 |  30.0
        D:6 |    1204 |     127 |   9.5 |      22 |       6 |  21.4
        D:7 |     948 |    1487 |  61.1 |      11 |      23 |  67.6
        D:8 |     945 |    1964 |  67.5 |      25 |       2 |   7.4
        D:9 |    2199 |     904 |  29.1 |      13 |      21 |  61.8
       D:10 |    2861 |       0 |   0.0 |      17 |       0 |   0.0
       D:11 |    3327 |    4023 |  54.7 |      17 |      61 |  78.2
       D:12 |    2801 |       0 |   0.0 |      15 |       0 |   0.0
       D:13 |    6706 |    1418 |  17.5 |      20 |       2 |   9.1
       D:14 |    9153 |       0 |   0.0 |      22 |       0 |   0.0
     Lair:1 |    2849 |       0 |   0.0 |      11 |       0 |   0.0
     Lair:2 |    6135 |       0 |   0.0 |      28 |       0 |   0.0
     Lair:3 |    4306 |    8780 |  67.1 |      17 |      18 |  51.4
     Lair:4 |    2945 |       0 |   0.0 |       8 |       0 |   0.0
   Spider:1 |     615 |    1249 |  67.0 |       3 |       1 |  25.0
      Orc:1 |    8067 |    1256 |  13.5 |      82 |       6 |   6.8
      Orc:2 |    5050 |   10075 |  66.6 |      34 |      26 |  43.3
      Sewer |       0 |     155 | 100.0 |       0 |       6 | 100.0
            +---------+---------+-------+---------+---------+-------

Illustrated notes

Table legend:
 A = Kills in this place as a percentage of kills in entire the game.
 B = Kills by you in this place as a percentage of kills by you in the entire game.
 C = Kills by friends in this place as a percentage of kills by friends in the entire game.
 D = Other kills in this place as a percentage of other kills in the entire game.
 E = Experience gained in this place as a percentage of experience gained in the entire game.
 F = Experience gained in this place divided by the number of levels of this place that you have seen.
                   A       B       C       D       E      F
               +-------+-------+-------+-------+-------+----------------------
         Total | 100.0 | 100.0 |   N/A |   N/A | 100.0 | 3866.0
       Dungeon |  59.5 |  59.5 |   N/A |   N/A |  44.5 | 2753.4
          Lair |  13.8 |  13.8 |   N/A |   N/A |  27.0 | 6253.8
   Spider Nest |   0.7 |   0.7 |   N/A |   N/A |   2.0 | 1864.0
  Orcish Mines |  25.0 |  25.0 |   N/A |   N/A |  26.3 | 12224.0
         Sewer |   1.0 |   1.0 |   N/A |   N/A |   0.2 | 155.0
               +-------+-------+-------+-------+-------+----------------------

Table legend: (Time is in decaauts)
 A = Elapsed time spent in this place.
 B = Non-inter-level travel time spent in this place.
 C = Inter-level travel time spent in this place.
 D = Time resting spent in this place.
 E = Time spent auto-exploring this place.
 F = Levels seen in this place.
 G = Mean time per level.
                   A        B        C        D        E       F      G
               +--------+--------+--------+--------+--------+-----+--------+
         Total |  23694 |  22757 |    937 |    336 |  19079 |  24 |  987.2 |
       Dungeon |  15939 |  15372 |    567 |    171 |  12886 |  15 | 1062.6 |
        Temple |    130 |     93 |     37 |      0 |     80 |   1 |  130.0 |
          Lair |   5136 |   4882 |    254 |      0 |   4349 |   4 | 1284.0 |
   Spider Nest |     27 |     27 |      0 |      0 |      0 |   1 |   27.0 |
  Orcish Mines |   2338 |   2260 |     78 |    165 |   1702 |   2 | 1169.0 |
         Sewer |    121 |    121 |      0 |      0 |     61 |   1 |  121.0 |
               +--------+--------+--------+--------+--------+-----+--------+

Top non-repeatable levels by time:
     D:9: 1917 daAuts
     D:7: 1878 daAuts
  Lair:3: 1599 daAuts
   Orc:1: 1428 daAuts
  Lair:4: 1426 daAuts
    D:11: 1256 daAuts
    D:10: 1243 daAuts
    D:14: 1200 daAuts
    D:13: 1166 daAuts
  Lair:2: 1154 daAuts
     D:2: 1151 daAuts
     D:4: 1058 daAuts
     D:8: 1054 daAuts
    D:12: 1051 daAuts
     D:6: 1045 daAuts
